 Dungeon Crawl Stone Soup version 0.22-a0-422-g9628fc8 (webtiles) character file.

60 Gorglomux the Covered (level 3, 0/33 HPs)
             Began as a Minotaur Fighter on May 20, 2018.
             Succumbed to a worker ant's poison
             ... on level 4 of the Dungeon.
             The game lasted 00:00:40 (811 turns).

Gorglomux the Covered (Minotaur Fighter)             Turns: 811, Time: 00:00:40

Health: 0/33       AC:  7    Str: 26    XL:     3   Next: 82%
Magic:  2/2        EV:  7    Int:  5    God:
Gold:   84         SH: 10    Dex:  9    Spells: 2/2 levels left

rFire    . . .     SeeInvis .   a - +0 war axe
rCold    . . .     Gourm    .   c - +0 shield
rNeg     . . .     Faith    .   b - +0 scale mail
rPois    .         Spirit   .   (helmet restricted)
rElec    .         Reflect  .   (no cloak)
rCorr    .         Harm     .   (no gloves)
MR       .....                  (no boots)
Stlth    ..........             (no amulet)
HPRegen  0.11/turn              (no ring)
MPRegen  0.08/turn              (no ring)

@: mighty, lethally poisoned (0 -> -4), flying
A: retaliatory headbutt, horns 2
a: no special abilities


You were on level 4 of the Dungeon.
You were not hungry.

You visited 1 branch of the dungeon, and saw 4 of its levels.

You collected 84 gold pieces.

Inventory:

Hand Weapons
 a - a +0 war axe (weapon)
Armour
 b - a +0 scale mail (worn)
 c - a +0 shield (worn)
Scrolls
 h - 2 scrolls of identify {unknown}
Potions
 k - a potion of haste {unknown}
 l - a potion of brilliance {unknown}
Comestibles
 f - 4 rations
 j - 13 chunks of flesh


   Skills:
 + Level 4.2 Fighting
 + Level 3.3 Axes
 + Level 4.3 Armour
 + Level 4.2 Shields


You had 2 spell levels left.
You didn't know any spells.
Your spell library was empty.

Dungeon Overview and Level Annotations

Branches:
Dungeon (4/15)
 Temple: D:4-7

Altars:


Innate Abilities, Weirdness & Mutations

You reflexively headbutt those who attack you in melee.
You have a pair of horns on your head.


Message History

You feel very buoyant!
You fly up into the air!
The worker ant butts you! * * * don't die
* * * You are poisoned!
The worker ant poisons you!!!
The orc wizard hits you with a dagger! * * * don'butt die
* * * The orc hits you but butts no damage!
You block the orc wizard's attack!
The worker ant bites you! * * * don't die
* * * The orc hits butt with a flail! * * * don't die
* * * You are too injured to fight recklessly!!!
You are too injured to fight recklessly!!!
Unknown command!
You are too injured to fight recklessly!!!
You open the orc butt like a pillowcase!!!
You annihilate the orc wizard!!!
You closely miss the worker ant! You barely miss the orc!
You chop the orc into pieces! You closely miss the orc wizard! rip

#.#### ...
#....###..
#........#
#........###
#...........
#...........
#...a.......
#...@)......
##..ooo.....#
#....<.......
#.............
#.............
#.............
#.............
#.............
##....(?......


You could see a worker ant, an orc wizard and 2 orcs.

Vanquished Creatures
  An orc wizard (D:4)
  2 dart slugs
  A leopard gecko (D:1)
  5 goblins
  5 hobgoblins
  3 jackals (D:2)
  A kobold (D:1)
  A quokka (D:2)
  2 ball pythons
  A bat (D:2)
  A frilled lizard (D:3)
  4 rats (D:1)
27 creatures vanquished.

Notes
Turn   | Place    | Note
-------+----------+-------------------------------------------
     0 | D:1      | Gorglomux the Minotaur Fighter began the quest for the Orb.
     0 | D:1      | Reached XP level 1. HP: 19/19 MP: 0/0
    80 | D:1      | Reached XP level 2. HP: 27/27 MP: 1/1
   592 | D:3      | Reached skill level 3 in Axes
   649 | D:3      | Reached XP level 3. HP: 33/33 MP: 2/2
   810 | D:4      | HP: 1/33 [orc/flail (1)]
   811 | D:4      | Succumbed to a worker ant's poison

Vault maps used:
D:1:      dpeg_arrival_lava_altar
D:2:      kennysheep_six_static_rooms, overflow_temple_1_default,
          marbit_many_paths
D:3:      first_ration, uniq_grinder, uniq_robin, uniq_crazy_yiuf_cottage
D:4:      bloody_trog, nicolae_ossuary_entry_giza, uniq_menkaure

Skill      XL: |  1  2 |
---------------+-------+-----
Armour         | 4 |  4.3
Shields        | 4 |  4.2
Fighting       | 4 |  4.2
Axes           | 3 |  3.3

Action                   || total
-------------------------++-------
Melee: War axe           ||    50
       Headbutt          ||     6
  Use: Potion            ||     2
Armor: Scale mail        ||    22
Dodge: Dodged            ||    16
Block: Shield            ||    29

Table legend:
 A = Spawn XP
 B = Non-spawn XP
 C = Spawn XP percentage of total XP
 D = Spawn monster count
 E = Non-spawn monster count
 F = Spawn count percentage of total count
 G = Total turns spent on level
                    A         B        C        D         E        F      G
               +---------+---------+-------+---------+---------+-------+---------
         Total |       0 |      87 |   0.0 |       0 |      27 |   0.0 |   811
               +---------+---------+-------+---------+---------+-------+---------
           D:1 |       0 |      20 |   0.0 |       0 |      11 |   0.0 |   318
           D:2 |       0 |      10 |   0.0 |       0 |       6 |   0.0 |   165
           D:3 |       0 |      17 |   0.0 |       0 |       9 |   0.0 |   319
           D:4 |       0 |      40 |   0.0 |       0 |       1 |   0.0 |     9
               +---------+---------+-------+---------+---------+-------+---------
